 Dungeon Crawl Stone Soup version 0.28.0 (webtiles) character file.

Game seed: 6707446682499473463

71843 sanka the Devastator (level 15, -1/88 HPs)
             Began as a Tengu Earth Elementalist on Feb 9, 2022.
             Was a High Priest of Vehumet.
             Killed by an exploding ball lightning (21 damage)
             ... on level 2 of the Orcish Mines.
             The game lasted 01:00:43 (29732 turns).

sanka the Devastator (Tengu Earth Elementalist)    Turns: 29732, Time: 01:00:43

Health: -1/88      AC: 20    Str:  9    XL:     15   Next: 38%
Magic:  3/32       EV: 28    Int: 22    God:    Vehumet [*****.]
Gold:   1812       SH:  0    Dex: 21    Spells: 9/38 levels left

rFire   . . .      SeeInvis .   a - +8 woodcutter's axe {vorpal}
rCold   + . .      Faith    .   (no shield)
rNeg    . . .      Spirit   .   j - +5 steam dragon scales
rPois   .          Reflect  .   (helmet restricted)
rElec   .          Harm     .   l - +2 cloak {rC+}
rCorr   .          Rampage  .   K - +2 pair of gloves
Will    +....                   (boots unavailable)
Stlth   ++........              Y - amulet of regeneration
HPRegen 1.04/turn               V - +6 ring of dexterity
MPRegen 0.23/turn               X - +4 ring of protection

@: flying quickly and evasively, quick
A: beak, talons 3, nimble flight
a: Renounce Religion


You were on level 2 of the Orcish Mines.
You worshipped Vehumet.
Vehumet was extremely pleased with you.
You visited 4 branches of the dungeon, and saw 20 of its levels.
You also visited: Ice Cave.

You collected 1952 gold pieces.
You spent 140 gold pieces at shops.

Inventory:

Hand Weapons
 a - the +8 woodcutter's axe (weapon) {vorpal}
   (You took it off a gnoll on level 2 of the Dungeon)

   It inflicts extra damage upon your enemies.
 W - the +5 whip "Qousubereng" {protect, *Corrode rF+ SInv}
   (You took it off a vampire on level 11 of the Dungeon)

   It grants its wielder temporary protection when it strikes (+7 to AC).
   rF:        It protects you from fire.
   SInv:      It lets you see invisible.
   *Corrode:  It may corrode you when you take damage.
Missiles
 y - 4 curare-tipped darts
Armour
 j - +5 steam dragon scales (worn)
 l - a +2 cloak of cold resistance (worn)
 K - a +2 pair of gloves (worn)
 S - a +1 robe of fire resistance
Magical Staves
 b - a staff of conjuration {!a}
Jewellery
 e - a ring of poison resistance
 L - a ring of ice
 V - a +6 ring of dexterity (left hand)
 X - a +4 ring of protection (right hand)
 Y - an amulet of regeneration (around neck)
Wands
 r - a wand of digging (9)
 u - a wand of acid (8)
 w - a wand of iceblast (17)
 C - a wand of mindburst (17)
 Q - a wand of paralysis (4)
 T - a wand of charming (7)
Scrolls
 d - 3 scrolls of teleportation
 i - 5 scrolls of magic mapping
 m - 2 scrolls of amnesia
 q - 6 scrolls of immolation
 x - 2 scrolls of brand weapon
 z - 5 scrolls of holy word
 A - 2 scrolls of silence
 D - 6 scrolls of vulnerability
 E - 3 scrolls of fear
 J - a scroll of fog
 O - 3 scrolls of blinking
Potions
 c - 8 potions of resistance {unknown}
 f - 10 potions of curing
 n - a potion of flight {unknown}
 o - 2 potions of lignification {unknown}
 p - 3 potions of haste
 s - 3 potions of might
 v - a potion of ambrosia {unknown}
 B - 3 potions of degeneration {unknown}
 F - 4 potions of berserk rage {unknown}
 G - a potion of magic {unknown}
 H - 4 potions of brilliance {unknown}
 M - 2 potions of invisibility
 N - 2 potions of cancellation {unknown}
 P - 3 potions of heal wounds {unknown}
 R - 4 potions of mutation {unknown}
 Z - 2 potions of attraction {unknown}


   Skills:
 - Level 8.0 Fighting
 - Level 15.0 Dodging
 - Level 2.0 Stealth
 + Level 12.2 Spellcasting
 - Level 20.0 Conjurations
 - Level 3.0 Transmutations
 - Level 3.0 Ice Magic
 - Level 8.0 Air Magic
 - Level 3.0 Earth Magic


You had 9 spell levels left.
You knew the following spells:

 Your Spells              Type           Power      Damage    Failure   Level
a - Sandblast             Erth           52%        2d12      1%          1
b - Passwall              Tmut/Erth      21%        N/A       2%          2
c - Stone Arrow           Conj/Erth      100%       3d13      1%          3
d - Freezing Cloud        Conj/Ice/Air   28%        6-21      1%          5
e - Irradiate             Conj/Tmut      29%        3d23      1%          5
f - Orb of Destruction    Conj           39%        9d11      1%          7
g - Conjure Ball Lightni  Conj/Air       33%        3x3d11    1%          6

Your spell library contained the following spells:

 Spells                   Type           Power      Damage    Failure   Level
 Starburst                Conj/Fire      27%        6d9       3%          6
 Beastly Appendage        Tmut           52%        N/A       1%          1
 Corpse Rot               Necr/Air       62%        N/A       1%          2
 Poisonous Vapours        Pois/Air       62%        N/A       1%          2
 Mephitic Cloud           Conj/Pois/Air  53%        N/A       1%          3
 Fireball                 Conj/Fire      27%        3d12      1%          5
 Lightning Bolt           Conj/Air       33%        1d50      1%          5
 Iron Shot                Conj/Erth      29%        9d6       1%          6
 Wereblood                Tmut           26%        N/A       2%          2
 Ignite Poison            Fire/Tmut/Pois 17%        N/A       2%          3
 Inner Flame              Hex/Fire       13%        N/A       4%          3
 Spider Form              Tmut/Pois      20%        N/A       8%          3
 Lee's Rapid Deconstruct  Erth           13%        3d10*     11%         5
 Call Canine Familiar     Summ           13%        N/A       14%         3
 Portal Projectile        Hex/Tloc       26%        N/A       14%         3
 Tukima's Dance           Hex            13%        N/A       14%         3
 Petrify                  Tmut/Erth      26%        N/A       14%         4
 Yara's Violent Unravell  Hex/Tmut       10%        3d6       19%         5
 Animate Armour           Summ/Erth      40%        N/A       26%         4
 Leda's Liquefaction      Hex/Erth       10%        N/A       26%         4
 Blade Hands              Tmut           13%        N/A       36%         5
 Passage of Golubria      Tloc           13%        N/A       43%         4
 Excruciating Wounds      Necr           6%         N/A       80%         5
 Statue Form              Tmut/Erth      17%        N/A       91%         6
 Simulacrum               Ice/Necr       10%        N/A       99%         6
 Dragon Form              Tmut           13%        N/A       100%        7
 Polar Vortex             Ice            13%        N/A       100%        9


Dungeon Overview and Level Annotations

Branches:
Dungeon (11/15)            Temple (1/1) D:5            Lair (6/6) D:11
 Shoals (0/4) Lair:3       Spider (0/4) Lair:2        Slime (0/5) Lair:5
    Orc (2/2) D:10            Elf (0/3) Orc:2         IceCv (visited)

Altars:
Ashenzari
Cheibriados
Dithmenos
Elyvilon
Fedhas
Gozag
Hepliaklqana
Kikubaaqudgha
Makhleb
Nemelex Xobeh
Okawaru
Qazlal
Ru
Sif Muna
Trog
Uskayaw
Vehumet
Wu Jian
Xom
Yredelemnul
Zin
The Shining One
Jiyva

Shops:
Orc:1 *   Orc:2 *!

Annotations:
D:3 exclusion: rat, Ijyb
Lair:5 1 runed translucent door


Innate Abilities, Weirdness & Mutations

You have a beak for a mouth.
You have claws for feet.
Your magical nature lets you fly swiftly and evasively.


Message History

Okay, then.
The orc warrior throws a boomerang.
The boomerang completely misses you.
You are too injured to fight recklessly!
Casting: Orb of Destruction (dangerous; 1% risk of failure)
Confirm with . or Enter, or press ? or * to list all spells.
You don't have any stones to cast with.
Casting: Sandblast (safe; 1% risk of failure)
Confirm with . or Enter, or press ? or * to list all spells.
Aiming: Freezing Cloud (dangerous; 1% risk of failure)
Press: ? - help, Dir - move target, f/p - soul eater
Aim: a soul eater (lightly wounded)
Okay, then.
Casting: Freezing Cloud (dangerous; 1% risk of failure)
Confirm with . or Enter, or press ? or * to list all spells.
You create some ball lightning! 3 ball lightnings come into view.
The orc warrior throws a boomerang.
The boomerang barely misses your ball lightning.
The boomerang completely misses you.
Your ball lightning explodes!
The blast of lightning engulfs the soul eater!!
The soul eater is moderately wounded.
The blast of lightning engulfs your ball lightning.
Your ball lightning completely resists.
The blast of lightning engulfs you!
Your ball lightning explodes!
The blast of lightning engulfs the soul eater!
The soul eater is heavily wounded.
The blast of lightning engulfs you!
* * * LOW HITPOINT WARNING * * *
The blast of lightning engulfs the orc warrior!!
You kill the orc warrior!
Vehumet accepts your kill.
You feel your power returning. The soul eater closely misses you.
Unknown command.
Your ball lightning explodes!
The blast of lightning engulfs the soul eater.
The soul eater is severely wounded.
The blast of lightning engulfs you!!
You die...

##.#### ##.###...###.#...##
#.....## #..................
##......## #.................
###........## #................
#...........## ##...............
.............####.#..............
.....###......#..................
))...##......#....#..............
))...###........@................
......#.....#....................
.....##.....#.....3...)..........
.##...#.....##.......)#..........
##......$.######.##.####o........
#...... ###### #......... ......
##.o...... ... ##....... ##.o....


You could see a soul eater.

Vanquished Creatures
  A frost giant (IceCv)
  2 ettins (Orc:2)
  Fannar (Orc:1)
  6 hydras
  A catoblepas (Lair:6)
  2 boulder beetles
  A deep troll shaman (Lair:6)
  A centaur warrior (D:10)
  2 two-headed ogres
  21 death yaks
  Nergalle (D:10)
  A lindwurm (Lair:6)
  An orc knight (Orc:2)
  An ice statue (IceCv)
  3 merfolk sirens (Lair:3)
  12 elephants
  A cyclops (D:11)
  2 black mambas
  A torpor snail (Lair:4)
  12 cane toads
  A demonic crawler (Lair:2)
  11 rime drakes
  An orange demon (Orc:2)
  10 komodo dragons
  5 trolls
  A merfolk (Lair:3)
  8 polar bears
  7 dream sheep (Lair:6)
  15 blink frogs
  3 wraiths
  A shadow (D:10)
  3 wyverns
  A vampire (D:11)
  2 basilisks
  54 yaks
  Grum (D:10)
  4 vampire mosquitoes
  4 wargs
  3 steam dragons
  An acid dragon (D:10)
  14 water moccasins
  2 ice beasts
  17 orc warriors
  A black bear (Lair:6)
  A necrophage (D:7)
  5 ogres
  9 centaurs
  51 wolves
  16 bullfrogs
  2 gnoll sergeants
  8 scorpions
  A wyvern zombie (D:8)
  A killer bee (D:10)
  2 electric eels (Lair:2)
  A wight (D:10)
  2 howler monkeys
  18 orc priests
  8 centaur zombies
  4 hounds
  4 jellies
  A bullfrog skeleton (D:4)
  A gnoll shaman (D:9)
  5 iguanas
  15 orc wizards
  5 hell rats (Lair:5)
  A killer bee zombie (D:6)
  2 howler monkey zombies
  10 adders
  22 gnolls
  A white imp (D:8)
  An ufetubus (D:7)
  5 worms
  3 dart slugs
  51 orcs
  11 bats
  4 endoplasms
  5 giant cockroaches
  5 goblins
  4 hobgoblins
  3 quokkas
  9 ball pythons
  6 frilled lizards
  6 kobolds
  6 rats
  A bush (Lair:3)
559 creatures vanquished.

Vanquished Creatures (others)
  15 ball lightnings
  32 fungi
  39 plants
86 creatures vanquished.

Grand Total: 645 creatures vanquished

Notes
Turn   | Place    | Note
-------+----------+-------------------------------------------
     0 | D:1      | sanka the Tengu Earth Elementalist began the quest for the
                  | Orb.
     0 | D:1      | Reached XP level 1. HP: 10/10 MP: 4/4
    13 | D:1      | Reached skill level 1 in Conjurations
   117 | D:1      | Reached skill level 2 in Conjurations
   117 | D:1      | Reached XP level 2. HP: 15/15 MP: 4/6
   266 | D:1      | Learned a level 2 spell: Passwall
   328 | D:1      | Reached skill level 3 in Conjurations
   465 | D:1      | Reached XP level 3. HP: 17/19 MP: 4/7
   613 | D:1      | Found a faded altar of an unknown god.
   679 | D:1      | Learned a level 3 spell: Stone Arrow
  1262 | D:2      | Reached skill level 4 in Conjurations
  1589 | D:2      | Reached XP level 4. HP: 24/24 MP: 4/8
  1799 | D:2      | Reached skill level 5 in Conjurations
  2262 | D:2      | Noticed a gnoll sergeant
  2633 | D:2      | Reached skill level 6 in Conjurations
  2633 | D:2      | Gained mutation: Your magical nature lets you fly swiftly
                  | and evasively. [Tengu growth]
  2633 | D:2      | Reached XP level 5. HP: 15/28 MP: 0/9
  2905 | D:2      | Reached skill level 7 in Conjurations
  3011 | D:3      | Noticed Ijyb
  3328 | D:3      | Reached XP level 6. HP: 24/32 MP: 2/10
  3855 | D:3      | Reached skill level 8 in Conjurations
  4815 | D:4      | Reached XP level 7. HP: 32/36 MP: 3/11
  4993 | D:4      | Reached skill level 9 in Conjurations
  5528 | D:5      | Entered Level 5 of the Dungeon
  5807 | D:5      | Reached skill level 1 in Fighting
  5892 | D:5      | Found a staircase to the Ecumenical Temple.
  5898 | Temple   | Entered the Ecumenical Temple
  6152 | Temple   | Became a worshipper of Vehumet
  6261 | D:5      | Found a snail-covered altar of Cheibriados.
  6372 | D:5      | Reached XP level 8. HP: 43/43 MP: 5/12
  6461 | D:5      | Reached skill level 10 in Conjurations
  7661 | D:6      | Reached * piety under Vehumet
  7661 | D:6      | Offered knowledge of Magic Dart by Vehumet.
  8147 | D:6      | Reached skill level 5 in Dodging
  8180 | D:6      | Reached XP level 9. HP: 52/52 MP: 0/16
  8876 | D:7      | Reached skill level 5 in Spellcasting
  9360 | D:7      | Reached skill level 5 in Fighting
 10405 | D:8      | Offered knowledge of Freeze by Vehumet.
 10535 | D:8      | Learned a level 5 spell: Freezing Cloud
 11142 | D:9      | Reached XP level 10. HP: 44/61 MP: 17/20
 11801 | D:10     | Entered Level 10 of the Dungeon
 12033 | D:10     | Noticed a centaur warrior
 12051 | D:10     | Killed a centaur warrior
 12327 | D:10     | Noticed a two-headed ogre
 12346 | D:10     | Killed a two-headed ogre
 12586 | D:10     | Reached skill level 10 in Dodging
 12586 | D:10     | Reached skill level 1 in Air Magic
 12953 | D:10     | Reached ** piety under Vehumet
 13100 | D:10     | Reached XP level 11. HP: 61/68 MP: 12/21
 13231 | D:10     | Reached skill level 11 in Conjurations
 13274 | D:10     | Reached skill level 5 in Air Magic
 13463 | D:10     | Noticed Nergalle
 13530 | D:10     | Killed Nergalle
 13845 | D:10     | Found a staircase to the Orcish Mines.
 14021 | D:10     | HP: 2/68 [acid dragon/splash of acid (17)]
 14627 | D:10     | Reached skill level 12 in Conjurations
 14849 | D:10     | Noticed Grum
 14855 | D:10     | Killed Grum
 15706 | D:11     | Learned a level 5 spell: Irradiate
 15749 | D:11     | Reached skill level 1 in Transmutations
 15965 | D:11     | Identified the +5 whip "Qousubereng" {protect, *Corrode rF+
                  | SInv}
 16122 | D:11     | Offered knowledge of Scorch by Vehumet.
 16315 | D:11     | Noticed a boulder beetle
 16620 | D:10     | Killed a boulder beetle
 16778 | D:11     | Reached XP level 12. HP: 73/73 MP: 25/25
 16789 | D:11     | Found a staircase to the Lair.
 17288 | D:11     | Reached *** piety under Vehumet
 17424 | D:11     | Reached skill level 13 in Conjurations
 17964 | D:11     | Noticed a two-headed ogre
 17976 | D:11     | Killed a two-headed ogre
 18168 | Lair:1   | Entered Level 1 of the Lair of Beasts
 18173 | Lair:1   | Noticed an eight-headed hydra
 18181 | Lair:1   | Noticed a four-headed hydra
 18204 | Lair:1   | Killed a four-headed hydra
 18275 | Lair:1   | Killed an eight-headed hydra
 19789 | Lair:2   | Noticed a death yak
 19791 | Lair:2   | Noticed a death yak
 19791 | Lair:2   | Noticed a death yak
 19793 | Lair:2   | Noticed a death yak
 19793 | Lair:2   | Noticed a death yak
 19796 | Lair:2   | Killed a death yak
 19796 | Lair:2   | Noticed a death yak
 19804 | Lair:2   | Killed a death yak
 19805 | Lair:2   | Reached skill level 10 in Spellcasting
 19827 | Lair:2   | Killed a death yak
 19831 | Lair:2   | Killed a death yak
 19835 | Lair:2   | Killed a death yak
 19836 | Lair:2   | Killed a death yak
 19836 | Lair:2   | Offered knowledge of Conjure Flame by Vehumet.
 19944 | Lair:2   | Reached XP level 13. HP: 78/78 MP: 23/28
 20268 | Lair:2   | Found a hole to the Spider Nest.
 20299 | Lair:2   | Reached skill level 1 in Ice Magic
 20689 | Lair:2   | Reached **** piety under Vehumet
 21324 | Lair:3   | Offered knowledge of Olgreb's Toxic Radiance by Vehumet.
 21329 | Lair:3   | Reached skill level 14 in Conjurations
 21445 | Lair:3   | Found a staircase to the Shoals.
 21581 | Lair:3   | Got the Compendium of Conjuration
 21643 | Lair:3   | Learned a level 7 spell: Orb of Destruction
 22422 | Lair:4   | Reached skill level 15 in Conjurations
 22692 | Lair:4   | Reached ***** piety under Vehumet
 22692 | Lair:4   | Offered knowledge of Conjure Ball Lightning by Vehumet.
 22752 | Lair:4   | Got Sif Muna's Handbook of Burning Conjuration
 22858 | Lair:4   | Reached skill level 16 in Conjurations
 23175 | Lair:4   | Reached XP level 14. HP: 65/84 MP: 17/29
 24003 | Lair:5   | Found a runed translucent door.
 24020 | Lair:5   | Found a viscous altar of Jiyva.
 24020 | Lair:5   | Noticed an azure jelly
 24021 | Lair:5   | Noticed an azure jelly
 24024 | Lair:5   | Found a staircase to the Slime Pits.
 24025 | Lair:5   | Noticed an azure jelly
 24727 | Lair:6   | Entered Level 6 of the Lair of Beasts
 25166 | Lair:6   | Reached skill level 15 in Dodging
 25237 | Lair:6   | Reached skill level 17 in Conjurations
 25655 | Lair:6   | Reached skill level 18 in Conjurations
 25729 | Lair:6   | Learned a level 6 spell: Conjure Ball Lightning
 26567 | Lair:6   | Reached skill level 19 in Conjurations
 26915 | Lair:6   | Offered knowledge of Fulminant Prism by Vehumet.
 27354 | Lair:6   | Identified a scroll of acquirement
 27357 | Lair:6   | Acquired a staff of conjuration
 27531 | Orc:1    | Entered Level 1 of the Orcish Mines
 27641 | Orc:1    | Noticed Fannar
 27647 | Orc:1    | Killed Fannar
 27849 | Orc:1    | Found Kuujiol's Specific Store.
 27853 | Orc:1    | Found Luymoef's General Store.
 27861 | Orc:1    | Bought a potion of haste for 140 gold pieces
 27989 | Orc:2    | Entered Level 2 of the Orcish Mines
 28188 | Orc:2    | Found a staircase to the Elven Halls.
 28242 | Orc:2    | Found a frozen archway.
 28268 | Orc:2    | Reached skill level 20 in Conjurations
 28268 | Orc:2    | Reached XP level 15. HP: 88/88 MP: 6/30
 28331 | IceCv    | Entered an ice cave
 28622 | IceCv    | Offered knowledge of Starburst by Vehumet.
 28791 | IceCv    | Noticed a frost giant
 28816 | IceCv    | Killed a frost giant
 29369 | IceCv    | Found the +2 Maxwell's thermic engine {flame, freeze}
 29670 | Orc:2    | Found Nusuh's Distillery.
 29680 | Orc:2    | Found Naofac's General Store.
 29732 | Orc:2    | Killed by an exploding ball lightning

Illustrated notes

Levels and vault maps discovered:
D:1:      evilmike_arrival_crescent, layout_rooms,
          chequers_ecumenical_altar_twisty
D:2:      layout_basic, pf_guarded_unrand_woodcutter
D:3:      layout_loops_ring, kennysheep_generic_room_9, uniq_ijyb
D:4:      layout_loops_cross, roderic_serpentine_path
D:5:      layout_loops_ring, cheibrodos_worm_habitat, minmay_temple_entry_wispy,
          grunt_ministairs_6, minivault_24, hangedman_glass_teeth,
          minmay_quadrilaterals
D:6:      layout_loops_ring, lightli_orcish_oven
D:7:      layout_cave_pods, serial_column_ruins, column_ruins_columns_corner,
          column_ruins_open_small_water, column_ruins_grid_3,
          column_ruins_open_small, column_ruins_open_medium
D:8:      layout_rooms
D:9:      layout_loops_cross, minivault_11, minmay_strange_pillars, st_stairs_13
D:10:     layout_cave_pods, orc_0_dummy, kennysheep_kite_vault, uniq_nergalle,
          uniq_grum
D:11:     layout_layer_cave, erik_lair_orcish_takeover,
          minmay_misc_feat_ornament, minmay_starry_boxes
Temple:   compressed_dpeg_triangle_lava_temple
Lair:1:   layout_gridlike, grunt_megastairs_4, lemuel_fruit_fields
Lair:2:   hellmonk_warped_wall, layout_gridlike,
          nicolae_spider_entry_non_spiders, ldierk_geyser, wad_woods_river_03,
          bh_autumn_forest_stairs
Lair:3:   layout_cave_shapes, elwin_shoals_entry_stream
Lair:4:   layout_cave_shapes, grunt_forest_small_clearings, lemuel_fruit_fields,
          grunt_megastairs_5
Lair:5:   layout_cave_pods, slime_altar_2, serial_bayou_shore_b,
          grunt_megastairs_2
Lair:6:   grunt_lair_end_beastmaster, layout_regular_city, lookout_lair_type,
          grunt_forest_large_clearings
Orc:1:    layout_caves, serial_shops, nicolae_specific_store, uniq_fannar
Orc:2:    pf_orc_diabolical, layout_diamond_mine,
          portal_ice_cave_entry_pillars_1

Skill      XL: |  1  2  3  4  5  6  7  8  9 10 11 12 13 14 15 |
---------------+----------------------------------------------+-----
Conjurations   | 2 3 4 6 7 8 9 10 12 13 16 20 | 20.0
Earth Magic    | 3 |  3.0
Fighting       | 1 4 6 8 |  8.0
Dodging        | 3 5 7 10 12 14 15 | 15.0
Spellcasting   | 4 6 8 10 12 | 12.2
Air Magic      | 4 7 8 |  8.0
Transmutations | 2 3 |  3.0
Ice Magic      | 3 |  3.0
Stealth        | |  2.0

Action                   |  1- 3 |  4- 6 |  7- 9 | 10-12 | 13-15 || total
-------------------------+-------+-------+-------+-------+-------++-------
Melee: Kick              |     9 |     9 |    20 |    62 |   166 ||   266
       Unarmed           |     2 |       |       |       |       ||     2
       Dagger            |    56 |     5 |       |       |       ||    61
       Peck              |     6 |     6 |    19 |    37 |   112 ||   180
       Halberd           |       |    11 |       |       |       ||    11
       Punch             |       |     1 |     1 |     3 |    11 ||    16
       War axe           |       |    45 |    90 |   162 |   429 ||   726
       Staff             |       |       |       |       |     3 ||     3
 Cast: Sandblast         |    25 |    47 |     8 |     4 |       ||    84
       Stone Arrow       |       |    11 |    98 |   239 |    56 ||   404
       Irradiate         |       |       |       |     1 |     9 ||    10
       Freezing Cloud    |       |       |       |     4 |    33 ||    37
       Orb of Destructio |       |       |       |       |   118 ||   118
       Conjure Ball Ligh |       |       |       |       |     7 ||     7
Evoke: Wand              |       |       |       |     1 |       ||     1
  Use: Scroll            |       |       |       |    17 |     8 ||    25
 Stab: Sleeping          |     2 |     4 |     1 |       |       ||     7
       Distracted        |       |       |       |       |     2 ||     2
Armor: Robe              |    18 |    14 |    10 |    49 |       ||    91
       Steam dragon scal |       |       |       |     4 |   110 ||   114
Dodge: Dodged            |    48 |    41 |    81 |   243 |   648 ||  1061
Block: Other             |       |       |       |    15 |     1 ||    16
       Reflection        |       |       |       |     1 |       ||     1
